 Dungeon Crawl Stone Soup version 0.30-a0-122-g2a1322497e (webtiles) character file.

Game seed: 16211271172983103161

346 Querens the Conjurer (level 6, -1/32 HPs)
             Began as a Deep Elf Conjurer on Sept 16, 2022.
             Was a Follower of Vehumet.
             Succumbed to a scorpion's poison
             ... on level 5 of the Dungeon.
             The game lasted 00:13:44 (2787 turns).

Querens the Conjurer (Deep Elf Conjurer)            Turns: 2787, Time: 00:13:44

Health: -1/32      AC:  2    Str:  4    XL:     6   Next: 32%
Magic:  7/15       EV: 13    Int: 25    God:    Vehumet [*.....]
Gold:   169        SH:  0    Dex: 13    Spells: 11/15 levels left

rFire   + . .      SeeInvis .    h - +0 falchion
rCold   . . .      Faith    .    (no shield)
rNeg    . . .      Spirit   .    a - +0 robe
rPois   .          Reflect  .    (no helmet)
rElec   .          Harm     .    (no cloak)
rCorr   .          Rampage  .    (no gloves)
Will    .....                    (no boots)
Stlth   +++.......               (no amulet)
HPRegen 0.10/turn                f - ring of protection from fire
MPRegen 0.14/turn                (no ring)

@: lethally poisoned (-1 -> -22)
A: no striking features
a: Renounce Religion


You were on level 5 of the Dungeon.
You worshipped Vehumet.
Vehumet was aware of your devotion.
You visited 2 branches of the dungeon, and saw 6 of its levels.

You collected 169 gold pieces.

Inventory:

Hand Weapons
 h - a +0 falchion (weapon)
Armour
 a - a +0 robe (worn)
Jewellery
 f - a ring of protection from fire (left hand)
Wands
 i - a wand of paralysis (7)
Scrolls
 c - 4 scrolls of teleportation
 g - 4 scrolls of poison
 k - a scroll of brand weapon {unknown}
Potions
 b - a potion of magic
 d - 2 potions of lignification
 e - 2 potions of degeneration
 j - a potion of might
 l - a potion of curing {unknown}


   Skills:
 + Level 4.5 Dodging
 + Level 4.7 Stealth
 + Level 5.2 Spellcasting
 + Level 5.6 Conjurations


You had 11 spell levels left.
You knew the following spells:

 Your Spells              Type           Power      Damage    Failure   Level
a - Magic Dart            Conj           100%       1d8       1%          1
b - Searing Ray           Conj           68%        2d6       1%          2
c - Apportation           Tloc           12%        N/A       9%          1

Your spell library contained the following spells:

 Spells                   Type           Power      Damage    Failure   Level
 Shock                    Conj/Air       80%        1d8       2%          1
 Dazzling Flash           Conj/Hex       40%        N/A       8%          3
 Fulminant Prism          Conj/Hex       10%        3d9       26%         4
 Iskenderun's Mystic Bla  Conj/Tloc      20%        2d6       26%         4
 Alistair's Intoxication  Tmut/Pois      4%         N/A       92%         5


Dungeon Overview and Level Annotations

Branches:
Dungeon (5/15)             Temple (1/1) D:4

Altars:
Ashenzari
Dithmenos
Nemelex Xobeh
Qazlal
Sif Muna
Trog
Vehumet
Xom
Yredelemnul
The Shining One

Annotations:
D:3 Grinder
D:5 Menkaure


Message History

Confirm with . or Enter, or press ? or * to list all spells.
Aiming: Magic Dart (safe; 1% risk of failure)
Press: ? - help, Shift-Dir - straight line, f - scorpion
Aim: a scorpion (asleep, 100% to hit)
The magic dart hits the scorpion but does no damage.
Unknown command.
Casting: Magic Dart (safe; 1% risk of failure)
Confirm with . or Enter, or press ? or * to list all spells.
Aiming: Searing Ray (safe; 1% risk of failure)
Press: ? - help, Shift-Dir - straight line, f/p - scorpion
Aim: a scorpion (81% to hit)
The searing ray hits the scorpion.
The scorpion is lightly wounded. (Press . to maintain the ray.) Unknown command.
The searing ray hits the scorpion!
The scorpion is heavily wounded.
The searing ray hits the scorpion.
The scorpion is almost dead.
The scorpion misses you.
The searing ray misses the scorpion.
You finish channelling your searing ray.
The scorpion stings you.
You are poisoned.
The scorpion poisons you!
Casting: Searing Ray (safe; 1% risk of failure)
Confirm with . or Enter, or press ? or * to list all spells.
Aiming: Searing Ray (safe; 1% risk of failure)
Press: ? - help, Shift-Dir - straight line, f/p - scorpion
Aim: a scorpion (almost dead, 81% to hit)
The searing ray misses the scorpion. (Press . to maintain the ray.)
You feel sick. The scorpion stings you!
* * * LOW HITPOINT WARNING * * *
You are more poisoned.
The scorpion poisons you!
The searing ray hits the scorpion.
You kill the scorpion!
Vehumet accepts your kill.
You die...

..... ##
.... ..
#.#...##..
##.........
..........
........#
#....#
#@...#
#<..##
#.....#
#..$....#
##.........
##......##
#....#.#
..##.#..#
.## .# .#


There were no monsters in sight!

Vanquished Creatures
  A scorpion (D:5)
  A hound (D:4)
  3 orc priests
  3 orc wizards (D:3)
  3 adders
  4 worms
  A dart slug (D:4)
  17 orcs
  3 bats (D:2)
  10 endoplasms
  A giant cockroach (D:4)
  11 goblins
  11 hobgoblins
  10 kobolds
  2 quokkas
  8 ball pythons
  3 frilled lizards
  6 rats
98 creatures vanquished.

Notes
Turn   | Place    | Note
-------+----------+-------------------------------------------
     0 | D:1      | Querens the Deep Elf Conjurer began the quest for the Orb.
     0 | D:1      | Reached XP level 1. HP: 10/10 MP: 6/6
     6 | D:1      | Noticed a swamp worm
     6 | D:1      | Noticed a rime drake
     6 | D:1      | Noticed a polar bear
     6 | D:1      | Noticed a redback
     6 | D:1      | Noticed a black mamba
   384 | D:1      | Reached XP level 2. HP: 15/15 MP: 2/8
   445 | D:1      | Found a faded altar of an unknown god.
   639 | D:2      | Learned a level 2 spell: Searing Ray
   843 | D:2      | Reached XP level 3. HP: 19/19 MP: 3/10
  1056 | D:2      | Learned a level 1 spell: Apportation
  1266 | D:3      | Reached XP level 4. HP: 15/24 MP: 2/12
  1267 | D:3      | Reached skill level 5 in Conjurations
  1377 | D:3      | Noticed Grinder
  1402 | D:3      | Found a basalt altar of Yredelemnul.
  1747 | D:3      | Reached XP level 5. HP: 25/28 MP: 4/13
  2046 | D:4      | Found a staircase to the Ecumenical Temple.
  2056 | Temple   | Entered the Ecumenical Temple
  2136 | Temple   | Became a worshipper of Vehumet
  2500 | D:4      | Reached skill level 5 in Spellcasting
  2500 | D:4      | Reached XP level 6. HP: 23/32 MP: 9/15
  2710 | D:4      | Reached * piety under Vehumet
  2710 | D:4      | Offered knowledge of Shock by Vehumet.
  2735 | D:5      | Entered Level 5 of the Dungeon
  2735 | D:5      | Noticed Menkaure
  2735 | D:5      | Noticed an ice beast
  2787 | D:5      | Succumbed to a scorpion's poison

Illustrated notes

Levels and vault maps discovered:
D:1:      onia_arrival_zoo_common, layout_loops_ring,
          chequers_ecumenical_altar_simple_redux
D:2:      minmay_skewed_foursquare, layout_basic
D:3:      corexii_shack_village, layout_basic,
          yredelemnul_forgotten_temple_becter, minmay_splitting_lines,
          uniq_grinder
D:4:      layout_basic, minmay_temple_entry_glassed_door
D:5:      layout_cave_pools, uniq_menkaure, uniq_sigmund
Temple:   nicolae_temple_bog_church

Skill      XL: |  1  2  3  4  5 |
---------------+----------------+-----
Stealth        | 3 4 |  4.7
Dodging        | 3 4 |  4.5
Spellcasting   | 4 5 |  5.2
Conjurations   | 5 |  5.6

Action                   |  1- 3 |  4- 6 || total
-------------------------+-------+-------++-------
Melee: Unarmed           |     2 |       ||     2
       Falchion          |       |    47 ||    47
 Cast: Magic Dart        |    63 |    17 ||    80
       Searing Ray       |     4 |    29 ||    33
       Apportation       |     1 |       ||     1
  Use: Scroll            |       |     5 ||     5
 Stab: Sleeping          |       |     1 ||     1
Armor: Robe              |     1 |     9 ||    10
Dodge: Dodged            |    12 |    55 ||    67

Table legend: (Time is in decaauts)
 A = Elapsed time spent in this place.
 B = Non-inter-level travel time spent in this place.
 C = Inter-level travel time spent in this place.
 D = Time resting spent in this place.
 E = Time spent auto-exploring this place.
 F = Levels seen in this place.
 G = Mean time per level.
                   A        B        C        D        E       F      G
               +--------+--------+--------+--------+--------+-----+--------+
         Total |   2800 |   2521 |    279 |      0 |     67 |   6 |  466.7 |
       Dungeon |   2702 |   2438 |    264 |      0 |      0 |   5 |  540.4 |
        Temple |     98 |     83 |     15 |      0 |     67 |   1 |   98.0 |
               +--------+--------+--------+--------+--------+-----+--------+

Top non-repeatable levels by time:
     D:3: 733 daAuts
     D:4: 726 daAuts
     D:2: 666 daAuts
     D:1: 567 daAuts
  Temple: 98 daAuts
     D:5: 9 daAuts
